 Dungeon Crawl Stone Soup version 0.14-a0-3350-g14ab857 (webtiles) character file.

151843 Psiweapon the Sharpshooter (level 18, -48/100 HPs)
             Began as a Kobold Hunter on Mar 15, 2014.
             Was the Champion of Dithmenos.
             Blown up by a lich (60 damage)
             ... with an orb of destruction
             ... on Level 1 of the Abyss on Mar 18, 2014.
             The game lasted 06:57:36 (44274 turns).

Psiweapon the Sharpshooter (Kobold Hunter)         Turns: 44274, Time: 06:57:36

HP -48/100       AC 17     Str 17      XL: 18   Next: 14%
MP  33/37        EV 21     Int 16      God: Dithmenos [******]
Gold 1961        SH  0     Dex 22      Spells:  9 memorised, 17 levels left

rFire  . . .     SeeInvis +     b - +4 crossbow
rCold  + . .     Clarity  +     C - +0 swamp dragon armour
rNeg   . . .     Conserve .     (no shield)
rPois  +         rCorr    .     v - +1 helmet
rElec  .         rRot     .     B - +0 cloak {MR+}
SustAb . .       Spirit   .     Q - +2 pair of gloves of the Guardian {Dex+4 Int+3 Acc+3}
rMut   .         Warding  .     T - +0 pair of boots
Saprov + + .     Stasis   .     W - amulet of clarity
MR     ++...                    c - ring "Duetwaf" {rPois rC+ Str+4 Dam+4 SInv}
                                R - ring of wizardry

@: very slightly contaminated, slowed, wreathed by umbra, very slow, very
resistant to hostile enchantments, uncannily stealthy
A: disease resistance, talons 1, blurry vision 1, carnivore 3, saprovore 2
a: Shadow Step, Shadow Form, Renounce Religion


You were on level 1 of the Abyss.
You worshipped Dithmenos.
Dithmenos was exalted by your worship.
You were very full.

You visited 6 branches of the dungeon, and saw 34 of its levels.
You visited the Abyss 1 time.
You also visited: Labyrinth.

You collected 3055 gold pieces.
You spent 1094 gold pieces at shops.

Inventory:

Hand weapons
 a - a +1,+2 dagger of speed
 b - a +4,+4 crossbow (weapon)
 S - the +7,+7 falchion "Ireycide" {slice, rElec}
   (You found it on level 8 of the Dungeon)

   It inflicts extra damage upon your enemies.
   It insulates you from electricity.
Missiles
 U - 62 bolts (quivered)
Armour
 v - a +1 helmet (worn)
 B - a +0 cloak of magic resistance (worn)
 C - a +0 swamp dragon armour (worn)
 Q - the +2 pair of gloves of the Guardian (worn) {Dex+4 Int+3 Acc+3}
   (You bought it in a shop on level 4 of the Orcish Mines)

   It affects your intelligence (+3).
   It affects your dexterity (+4).
   It affects your accuracy with ranged weapons and melee attacks (+3).
 T - a +0 pair of boots (worn)
Magical devices
 k - a wand of disintegration (2)
 m - a wand of digging (1)
 t - a wand of invisibility (3)
 w - a wand of lightning (5)
 A - a wand of teleportation (4)
 I - a wand of slowing (8)
 K - a wand of disintegration (8)
Comestibles
 M - 3 beef jerkies
 X - 7 honeycombs
Scrolls
 e - a scroll of summoning
 h - 4 scrolls of fog
 n - 4 scrolls of blinking
 u - a scroll of vulnerability
 z - 5 scrolls of remove curse
 D - 2 scrolls of fear
 G - 2 scrolls of silence
 L - 8 scrolls of teleportation
Jewellery
 c - the ring "Duetwaf" (right hand) {rPois rC+ Str+4 Dam+4 SInv}
   (You acquired it on level 1 of the Swamp)

   [ring of see invisible]

   It affects your strength (+4).
   It affects your damage with ranged weapons and melee attacks (+4).
   It protects you from cold.
   It protects you from poison.
 d - an uncursed ring of positive energy
 g - an uncursed ring of sustain abilities
 i - an uncursed ring of flight
 o - an uncursed amulet of conservation
 p - an uncursed amulet of stasis
 y - an uncursed amulet of resist corrosion
 H - an uncursed ring of ice {unknown}
 R - a ring of wizardry (left hand)
 W - an amulet of clarity (around neck)
Potions
 j - 2 potions of agility
 q - 5 potions of curing
 r - a potion of resistance
 s - a potion of heal wounds
 E - 2 potions of brilliance
 F - 3 potions of haste
 J - 4 potions of might
 N - a potion of magic
 O - 3 potions of restore abilities
 P - a potion of invisibility
Miscellaneous
 f - a lantern of shadows
 l - an ornate deck of defence {Flight}
 x - an ornate deck of dungeons {Dowsing, drawn: 1}
 Y - an ornate deck of changes {the Helix}
Rods
 V - a +3 rod of shadows (7/10)
   (You found it in a labyrinth)
 Z - a +4 lightning rod (0/15)
   (You found it in a labyrinth)


   Skills:
 - Level 6.9 Fighting
 - Level 8.1 Short Blades
 * Level 16.1 Crossbows
 + Level 6.5 Armour
 + Level 10.0 Dodging
 - Level 16.0 Stealth
 - Level 13.1 Spellcasting
 - Level 11.0 Hexes
 - Level 4.0 Translocations
 - Level 10.0 Invocations
 - Level 9.6 Evocations


You had 17 spell levels left.
You knew the following spells:

 Your Spells              Type           Power        Failure   Level  Hunger
a - Ensorcelled Hibernat  Hex/Ice        ####..       1%          2    None
b - Blink                 Tloc           N/A          1%          2    None
c - Confuse               Hex            #####...     1%          3    None
g - Fulminant Prism       Conj/Hex       ####......   4%          4    ##.....
h - Shroud of Golubria    Chrm/Tloc      ###.......   2%          2    None
A - Apportation           Tloc           ###.......   1%          1    None
I - Invisibility          Hex            #####...     6%          6    ######.
P - Portal Projectile     Tloc           ###...       1%          3    None
R - Regeneration          Chrm/Necr      ##........   9%          3    None


Dungeon Overview and Level Annotations

Branches:
Dungeon (15/15)            Temple (0/1) D:7             Orc (4/4) D:10
    Elf (1/3) Orc:4          Lair (8/8) D:10          Swamp (3/5) Lair:4
 Spider (3/5) Lair:6        Slime (0/6) Lair:6       Vaults (0/5) D:14
 Depths: D:15

Altars:
Cheibriados
Dithmenos
Elyvilon
Makhleb
Sif Muna
Trog
Vehumet
Xom

Shops:
D:13 =*   Orc:4 (=*[

Annotations:
D:5 1 exclusion
D:9 cyclops!
D:12 exclusion: downstairs


Innate Abilities, Weirdness & Mutations

You recuperate from illness quickly.
You are small and have problems with some larger weapons.
You are carnivorous and can eat meat at any time.
You can eat rotten meat.
You have sharp toenails.
Your vision is a little blurry.


Message History

The lich touches you but does no damage.
Firing (i - inventory):
U - 63 bolts (quivered)
Press: ? - help, Shift-Dir - straight line, f/p - lich
Aim: a lich (severely damaged, slightly transparent, umbra)
You shoot a bolt. The bolt hits the lich.
The lich is severely damaged.
Your shadow barely misses the lich.
Your shadow hits the lich.
The lich touches your shadow but does no damage.
The lich misses you.
Your shadow hits the lich!
Your shadow slips into darkness for a moment.
The lich launches a ball of destructive magic.
Casting: Confuse
Confirm with . or Enter, or press ? or * to list all spells.
The power of the Abyss keeps you in your place!
The lich closely misses you.
Your shadow slips into darkness for a moment.
Your shadow hits the lich. The lich touches your shadow.
The lich barely misses you. The orb of destruction hits you!
Ouch! That really hurt!
You die...

. .#. . .#. #.
... ##. ##.#
##..x ##..#
.#.....#...#
.......L@§.##
.#.....#.§..##
##... ##p§p.#
##. ##L##..#
#. ##... ### #
# #...#.. # #
## .#.# #.#...
...##. # #
..§..##..#


You could see 2 liches, a small abomination and 2 friendly shadows.

Vanquished Creatures
  A tentacled starspawn (Abyss:1)
  Frances (D:14)
  2 orc warlords
  Louise (Spider:1)
  A black draconian (D:14)
  The ghost of omil the Eclecticist, a powerful DESu of Sif Muna (D:10)
  A vault guard (D:14)
  Fannar (Lair:7)
  Harold (Lair:4)
  Josephine (D:12)
  An ogre mage (D:14)
  A shambling mangrove (Swamp:2)
  10 hydras
  2 death yaks (Lair:8)
  A tengu warrior (D:14)
  4 centaur warriors
  4 alligators
  6 orc high priests (Orc:4)
  A deep elf knight (Elf:1)
  A very ugly thing (D:15)
  2 catoblepae (Lair:8)
  A wizard (D:14)
  4 skeletal warriors (D:11)
  8 orb spiders
  3 unseen horrors (D:14)
  4 lindwurms (Lair:8)
  4 swamp dragons
  A large abomination (Abyss:1)
  7 deep elf summoners (Elf:1)
  3 hill giants
  6 orc knights
  Joseph (Orc:3)
  3 deep elf conjurers (Elf:1)
  A necromancer (Abyss:1)
  6 elephants (Lair:8)
  10 griffons
  A cyclops (D:14)
  A worldbinder (Abyss:1)
  An oklob plant (Lair:5)
  4 orc sorcerers
  2 manticores
  10 wolf spiders
  2 red wasps
  A guardian serpent (shapeshifter) (D:15)
  A queen ant (Lair:5)
  4 black mambas
  2 gargoyles
  A smoke demon (Orc:4)
  9 spiny frogs
  14 jumping spiders
  4 deep elf priests (Elf:1)
  8 komodo dragons
  4 fire drakes
  2 efreet
  A yaktaur (D:14)
  A queen bee (Spider:3)
  2 polar bears (Lair:8)
  A giant firefly (Swamp:1)
  7 demonic crawlers
  An ancient zyme (Abyss:1)
  Sonja (D:10)
  9 trolls
  14 slime creatures
  7 deep elf magi (Elf:1)
  6 bog bodies
  7 ravens
  12 blink frogs
  6 giant leeches
  2 boulder beetles
  A trapdoor spider zombie (D:11)
  9 trapdoor spiders
  46 redbacks
  A vampire (D:11)
  10 tarantellas
  3 wraiths (D:13)
  3 shadows
  3 basilisks
  A yak (shapeshifter) (D:11)
  A fire bat (Abyss:1)
  10 hippogriffs
  2 hungry ghosts (D:13)
  A wyvern (D:14)
  58 yaks
  9 deep elf fighters
  15 ugly things
  9 wolves
  6 sharks
  2 hill giant skeletons
  16 vampire mosquitoes
  6 swamp worms
  6 wargs
  23 water moccasins
  A small abomination (Abyss:1)
  5 soldier ants (Lair:5)
  7 swamp drakes
  3 hell hounds (Abyss:1)
  12 porcupines
  17 spiders
  4 yellow wasps
  12 centaurs
  3 black bears
  20 orc warriors
  4 starcursed masses (Abyss:1)
  10 giant goldfish
  3 ice beasts
  5 sky beasts
  10 ogres
  A manticore skeleton (D:12)
  2 boring beetles
  16 crocodiles
  A brain worm (Lair:4)
  Duvessa (D:6)
  10 giant slugs
  A wyvern zombie (D:11)
  2 big kobolds
  Blork the orc (D:4)
  The ghost of tehnar the Ruinous, an average DECj (D:3)
  A gnoll sergeant (D:11)
  16 giant frogs
  2 insubstantial wisps (Lair:4)
  A hippogriff zombie (D:14)
  2 cyclops skeletons
  A yak zombie (D:11)
  21 killer bees (Spider:3)
  5 wights (D:7)
  10 scorpions
  4 electric eels
  A troll skeleton (D:11)
  2 eyes of draining
  Dowan (D:6)
  7 goliath beetles
  6 crimson imps
  A centaur zombie (D:5)
  2 iron imps (Abyss:1)
  23 orc priests
  12 big fish
  An elf zombie (D:12)
  7 jellies
  24 orc wizards
  3 quasits
  Crazy Yiuf (D:3)
  A cyclops simulacrum (D:12)
  A giant frog skeleton (D:10)
  11 iguanas
  10 hounds
  A shapeshifter simulacrum (D:12)
  Natasha (thrice) (D:3)
  A kobold skeleton (D:12)
  21 worker ants
  12 sheep
  A deep dwarf zombie (Abyss:1)
  Jessica (D:3)
  3 mummies
  13 gnolls
  22 adders
  43 green rats
  9 giant mites
  An inept feature mimic (D:8)
  4 shadow imps
  10 worms
  A goliath beetle zombie (D:12)
  A gnoll zombie (D:5)
  3 giant eyeballs
  An ooze (D:1)
  140 orcs
  35 bats
  A bat zombie (D:7)
  3 giant cockroaches
  24 goblins
  20 hobgoblins
  26 jackals
  8 quokkas
  2 ball pythons
  13 giant geckos
  5 giant newts
  2 giant spores
  20 kobolds
  7 orc zombies
  40 rats
  4 ballistomycetes (D:12)
  A plant (D:10)
1326 creatures vanquished.

Vanquished Creatures (collateral kills)
  Gastronok (Orc:4)
  An orc sorcerer (Orc:4)
  A griffon (D:14)
  An elephant (Lair:8)
  A spiny frog (Lair:1)
  An elephant slug zombie (Orc:4)
  A yak (D:11)
  An orc zombie (Orc:4)
  A shadow (Swamp:1)
  2 swamp worms (Swamp:1)
  An ogre (Orc:3)
  A small abomination (Abyss:1)
  5 wights (D:10)
  3 killer bees (Spider:3)
  An orc priest (Orc:3)
  An orc wizard (Orc:3)
  6 orcs
  A goblin (Orc:3)
  A plant (D:10)
31 creatures vanquished.

Vanquished Creatures (others)
  A minotaur (Lab)
  13 shadows
  A tarantella (Spider:3)
  A deep elf fighter (Elf:1)
  A hill giant skeleton (Orc:3)
  5 centaurs
  A wight (Lair:8)
  A crimson imp (D:14)
  A jelly (Abyss:1)
  An orc wizard (D:11)
  A shadow imp (Abyss:1)
  An adder (Orc:4)
  2 fulminant prisms
  A quokka (Orc:4)
  A giant spore (Spider:3)
  5 fungi
  2 starspawn tentacles (Abyss:1)
39 creatures vanquished.

Grand Total: 1396 creatures vanquished

Notes
Turn   | Place    | Note
--------------------------------------------------------------
     0 | D:1      | Psiweapon, the Kobold Hunter, began the quest for the Orb.
     0 | D:1      | Reached XP level 1. HP: 12/12 MP: 1/1
    75 | D:1      | Reached skill level 5 in Crossbows
   173 | D:1      | Reached XP level 2. HP: 9/16 MP: 2/2
   536 | D:1      | Reached XP level 3. HP: 20/20 MP: 3/3
  1114 | D:2      | Reached XP level 4. HP: 25/25 MP: 4/4
  1217 | D:2      | Reached skill level 6 in Crossbows
  1472 | D:2      | Found a shimmering altar of Xom.
  1487 | D:2      | Found a snail-covered altar of Cheibriados.
  1801 | D:3      | Noticed Natasha
  1804 | D:3      | Killed Natasha
  1804 | D:3      | Reached XP level 5. HP: 19/29 MP: 5/5
  1930 | D:3      | Noticed Jessica
  1932 | D:3      | Killed Jessica
  2058 | D:3      | Noticed tehnar's ghost (average DECj)
  2067 | D:3      | Killed tehnar's ghost
  2067 | D:3      | Reached skill level 7 in Crossbows
  2067 | D:3      | Reached skill level 5 in Dodging
  2067 | D:3      | Reached XP level 6. HP: 18/34 MP: 6/6
  2091 | D:3      | Noticed Natasha
  2091 | D:3      | Killed Natasha
  2641 | D:3      | Noticed Natasha
  2641 | D:3      | Killed Natasha
  2922 | D:3      | Noticed Crazy Yiuf
  2924 | D:3      | Killed Crazy Yiuf
  2924 | D:3      | Reached XP level 7. HP: 38/38 MP: 7/7
  3212 | D:4      | Found a shadowy altar of Dithmenos.
  3238 | D:4      | Became a worshipper of Dithmenos
  3447 | D:4      | Noticed Blork the orc
  3457 | D:4      | Killed Blork the orc
  3457 | D:4      | Reached skill level 8 in Crossbows
  3984 | D:5      | Entered Level 5 of the Dungeon
  4132 | D:6      | Noticed Duvessa
  4132 | D:6      | Noticed Dowan
  4248 | D:5      | Reached XP level 8. HP: 39/43 MP: 8/8
  4488 | D:5      | Learned a level 2 spell: Ensorcelled Hibernation
  4541 | D:5      | Reached skill level 10 in Stealth
  4541 | D:5      | Reached XP level 9. HP: 31/56 MP: 9/9
  4696 | D:5      | Learned a level 3 spell: Confuse
  4699 | D:5      | Found a glowing drain.
  5460 | D:6      | Acquired Dithmenos' first power
  5627 | D:6      | Got a jewelled leather armour
  5655 | D:6      | Identified the cursed -3 leather armour of Dyspraxia {Int+3 Dam-5} (You found it on level 6 of the Dungeon)
  5799 | D:6      | Reached skill level 1 in Spellcasting
  6006 | D:7      | Reached skill level 11 in Stealth
  6314 | D:7      | Found a staircase to the Ecumenical Temple.
  6474 | D:7      | Reached XP level 10. HP: 61/61 MP: 12/14
  6532 | D:7      | Learned a level 6 spell: Invisibility
  6757 | D:7      | Acquired Dithmenos' second power
  7123 | D:6      | Killed Duvessa
  7130 | D:6      | Killed Dowan
  7336 | D:6      | Found a burning altar of Makhleb.
  7738 | D:8      | Found a deep blue altar of Sif Muna.
  7745 | D:8      | Got a transparent falchion
  7807 | D:7      | Reached skill level 12 in Stealth
  7873 | D:8      | Found a white marble altar of Elyvilon.
  8017 | D:8      | Found a staircase to the Lair.
  8044 | D:8      | the staircase to the Lair was a mimic.
  8244 | D:8      | Found a bloodstained altar of Trog.
  8385 | D:9      | Identified the +7,+7 falchion "Ireycide" {slice, rElec} (You found it on level 8 of the Dungeon)
  8431 | D:9      | Noticed a cyclops
  8790 | D:10     | Entered Level 10 of the Dungeon
  8866 | D:10     | Acquired Dithmenos' third power
  8883 | D:10     | Noticed omil's ghost (powerful DESu)
  8896 | D:10     | Killed omil's ghost
  8896 | D:10     | Reached XP level 11. HP: 31/66 MP: 14/20
  9310 | D:10     | Found a staircase to the Lair.
  9368 | Lair:1   | Entered Level 1 of the Lair of Beasts
  9403 | Lair:1   | Reached skill level 13 in Stealth
  9572 | Lair:1   | Reached skill level 10 in Crossbows
 10546 | Lair:2   | Reached skill level 5 in Spellcasting
 11133 | Lair:2   | Acquired Dithmenos' fourth power
 11287 | Lair:2   | Reached XP level 12. HP: 68/71 MP: 21/25
 11906 | Lair:3   | Found a labyrinth entrance.
 11919 | Lab      | Entered a labyrinth
 12099 | Lab      | Noticed a minotaur
 12116 | Lab      | Killed a minotaur
 12189 | Lab      | Identified a +5 rod of striking (10/10) (You found it in a labyrinth)
 12190 | Lab      | Identified a +2 rod of shadows (9/9) (You found it in a labyrinth)
 12207 | Lab      | Identified a +5 rod of clouds (12/12) (You found it in a labyrinth)
 12506 | Lair:3   | Reached skill level 1 in Evocations
 13382 | Lair:4   | Noticed Harold
 13384 | Lair:4   | Killed Harold
 13499 | Lair:4   | Reached skill level 5 in Evocations
 13542 | Lair:4   | Found a staircase to the Swamp.
 13706 | Lair:2   | Learned a level 2 spell: Blink
 13710 | Lair:2   | Learned a level 3 spell: Portal Projectile
 13744 | Lair:2   | Upgraded the game from 0.14-a0-3315-g09e681a to 0.14-a0-3329-g86b2fc4
 14012 | Lair:3   | Reached skill level 10 in Hexes
 14506 | Lair:4   | Reached XP level 13. HP: 76/76 MP: 28/28
 14511 | Lair:4   | Found a radiant altar of Vehumet.
 17062 | Lair:6   | Found a staircase to the Slime Pits.
 17247 | Lair:6   | Found a hole to the Spider Nest.
 17262 | Lair:6   | Reached skill level 14 in Stealth
 18080 | D:10     | Noticed a hill giant
 18096 | D:10     | Killed a hill giant
 18120 | D:10     | Found a staircase to the Orcish Mines.
 18271 | D:10     | Noticed Sonja
 18277 | D:10     | Killed Sonja
 19348 | D:11     | Reached skill level 15 in Stealth
 19348 | D:11     | Reached XP level 14. HP: 80/80 MP: 30/31
 19350 | D:11     | Reached skill level 10 in Spellcasting
 19966 | D:13     | Found Xeext's Jewellery Shop.
 20069 | D:12     | Noticed Josephine
 20071 | D:12     | Killed Josephine
 20352 | Orc:1    | Entered Level 1 of the Orcish Mines
 20799 | Orc:3    | Noticed Joseph
 20803 | Orc:3    | Killed Joseph
 21200 | Orc:1    | Upgraded the game from 0.14-a0-3329-g86b2fc4 to 0.14-a0-3337-gf4615ed
 21338 | Orc:3    | Upgraded the game from 0.14-a0-3337-gf4615ed to 0.14-a0-3345-g9255d23
 21346 | Orc:3    | Reached skill level 16 in Stealth
 21427 | Orc:3    | Noticed an orc warlord
 21432 | Orc:3    | Reached skill level 1 in Invocations
 21526 | Orc:2    | Killed an orc warlord
 22443 | D:13     | Found Waesa's General Store.
 22467 | D:13     | Bought an uncursed amulet of clarity for 300 gold pieces
 22467 | D:13     | Bought a scroll of enchant weapon I for 52 gold pieces
 23643 | Lair:7   | Noticed Fannar
 23647 | Lair:7   | Killed Fannar
 23647 | Lair:7   | Reached skill level 5 in Invocations
 24325 | Lair:8   | Entered Level 8 of the Lair of Beasts
 24430 | Lair:8   | Reached XP level 15. HP: 71/85 MP: 34/34
 26015 | Lair:2   | Learned a level 1 spell: Apportation
 26020 | Lair:2   | Learned a level 4 spell: Fulminant Prism
 26023 | Lair:2   | Learned a level 2 spell: Shroud of Golubria
 27189 | Orc:4    | Entered Level 4 of the Orcish Mines
 27192 | Orc:4    | Found Qasuher's Antique Weapon Shoppe.
 27215 | Orc:4    | Noticed Gastronok
 27236 | Orc:4    | Killed Gastronok
 27376 | Orc:4    | Found Frept's Jewellery Emporium.
 27441 | Orc:4    | Noticed an orc warlord
 28121 | Orc:4    | Killed an orc warlord
 29060 | Orc:4    | Found Hautah's Antique Armour Shoppe.
 29161 | Orc:4    | Found a staircase to the Elven Halls.
 29253 | Orc:4    | Bought a pair of slimy gloves for 275 gold pieces
 29253 | Orc:4    | Bought a pair of crude gloves for 275 gold pieces
 29253 | Orc:4    | Bought a runed helmet for 130 gold pieces
 29259 | Orc:4    | Identified the cursed -3 pair of gloves of the Gloaming {Str-1 Int+3} (You bought it in a shop on level 4 of the Orcish Mines)
 29280 | Orc:4    | Identified the +2 pair of gloves of the Guardian {Dex+4 Int+3 Acc+3} (You bought it in a shop on level 4 of the Orcish Mines)
 29487 | Orc:4    | Reached skill level 10 in Invocations
 29843 | D:13     | Reached skill level 1 in Translocations
 30210 | D:14     | Reached XP level 16. HP: 90/90 MP: 36/36
 30471 | D:14     | Noticed Frances
 30763 | Swamp:1  | Entered Level 1 of the Swamp
 32241 | Swamp:1  | Identified a scroll of acquirement
 32242 | Swamp:1  | Got a transparent bone ring
 33449 | Spider:1 | Entered Level 1 of the Spider Nest
 33948 | Spider:1 | Reached skill level 1 in Armour
 34059 | Spider:1 | Noticed Louise
 34063 | Spider:1 | Killed Louise
 35508 | Spider:1 | Upgraded the game from 0.14-a0-3345-g9255d23 to 0.14-a0-3350-g14ab857
 35863 | Spider:2 | Reached XP level 17. HP: 95/95 MP: 34/37
 37014 | Lair:2   | Learned a level 3 spell: Regeneration
 37305 | Spider:3 | Identified the ring "Duetwaf" {rPois rC+ Str+4 Dam+4 SInv} (You acquired it on level 1 of the Swamp)
 37957 | Orc:4    | Found Iginacie's General Store.
 38061 | Elf:1    | Entered Level 1 of the Elven Halls
 38904 | Elf:1    | Reached skill level 5 in Armour
 39499 | D:13     | Bought a scroll of identify for 30 gold pieces
 39623 | Orc:4    | Bought a scroll of identify for 32 gold pieces
 40384 | Lair:2   | Gained mutation: You can spit poison. [potion of mutation]
 40384 | Lair:2   | Gained mutation: You are weak. (Str -2) [potion of mutation]
 40384 | Lair:2   | Gained mutation: You occasionally shout uncontrollably. [potion of mutation]
 40385 | Lair:2   | Gained mutation: You are clumsy. (Dex -2) [potion of mutation]
 40386 | Lair:2   | Gained mutation: Your vision is a little blurry. [potion of mutation]
 40386 | Lair:2   | Gained mutation: You have sharp toenails. [potion of mutation]
 40387 | Lair:2   | Lost mutation: You are clumsy. (Dex -2) [potion of cure mutation]
 40387 | Lair:2   | Lost mutation: You can spit poison. [potion of cure mutation]
 40387 | Lair:2   | Lost mutation: You occasionally shout uncontrollably. [potion of cure mutation]
 40387 | Lair:2   | Lost mutation: You are weak. (Str -2) [potion of cure mutation]
 40516 | D:14     | Killed Frances
 40516 | D:14     | Reached skill level 15 in Crossbows
 41372 | D:15     | Entered Level 15 of the Dungeon
 41960 | D:14     | Found a gate to the Vaults.
 43510 | Swamp:2  | Reached XP level 18. HP: 100/100 MP: 33/37
 43881 | Swamp:3  | Cast into the Abyss (a distortion unwield)
 44144 | Abyss:1  | Paralysed by accursed screaming for 1 turns
 44212 | Abyss:1  | Paralysed by accursed screaming for 2 turns
 44217 | Abyss:1  | Paralysed by accursed screaming for 2 turns
 44267 | Abyss:1  | Reached skill level 10 in Dodging
 44274 | Abyss:1  | Blown up by a lich

Action                   |  1- 3 |  4- 6 |  7- 9 | 10-12 | 13-15 | 16-18 || total
-------------------------+-------+-------+-------+-------+-------+-------++-------
Melee: Short sword       |    11 |     2 |     1 |       |       |       ||    14
       Quarterstaff      |    12 |    29 |     7 |       |       |       ||    48
       Dagger            |       |       |    42 |   278 |   906 |   551 ||  1777
       Falchion          |       |       |       |    29 |     2 |     5 ||    36
 Fire: Crossbow          |    48 |   111 |   213 |   274 |   141 |   300 ||  1087
 Cast: Ensorcelled Hiber |       |       |    21 |   147 |   281 |   149 ||   598
       Confuse           |       |       |    10 |    23 |    23 |    55 ||   111
       Invisibility      |       |       |       |       |    20 |    26 ||    46
       Blink             |       |       |       |       |    34 |    55 ||    89
       Portal Projectile |       |       |       |       |     1 |     5 ||     6
       Shroud of Golubri |       |       |       |       |     4 |       ||     4
       Apportation       |       |       |       |       |     2 |       ||     2
       Fulminant Prism   |       |       |       |       |     1 |     1 ||     2
Invok: Shadow Step       |       |       |       |     1 |    13 |    11 ||    25
 Abil: Evoke Flight      |       |       |       |       |     2 |     6 ||     8
Evoke: Wand              |       |       |     3 |     5 |     7 |    15 ||    30
       Rod               |       |       |       |       |    52 |    22 ||    74
       Deck              |       |       |       |       |     1 |       ||     1
  Use: Scroll            |       |       |    21 |    21 |    21 |    10 ||    73
       Potion            |       |       |     1 |     2 |     8 |    10 ||    21
 Stab: Sleeping          |       |       |    16 |   131 |   381 |   214 ||   742
       Confused          |       |       |     2 |     7 |     4 |    14 ||    27
       Distracted        |       |       |     1 |     2 |     6 |     6 ||    15
       Invisible         |       |       |       |       |    40 |    30 ||    70
